 Dungeon Crawl Stone Soup version 0.31-a0-876-gfe8ebadbca (webtiles) character file.

Game seed: 1250467100317827601

485 BinkBink the Trooper (level 7, -4/44 HPs)
             Began as a Gargoyle Fighter on Oct 14, 2023.
             Slain by Prince Ribbit (9 damage)
             ... on level 5 of the Dungeon.
             The game lasted 00:04:56 (3172 turns).

BinkBink the Trooper (Gargoyle Fighter)             Turns: 3172, Time: 00:04:57

Health: -4/44      AC: 13    Str: 21    XL:     7   Next: 13%
Magic:  0/7        EV:  9    Int:  9    God:
Gold:   253        SH:  4    Dex:  9    Spells: 6/6 levels left

rFire   . . .        a - +0 war axe (freeze)
rCold   . . .        c - +0 buckler
rNeg    + . .        b - +0 scale mail
rPois   ∞            (no helmet)
rElec   +            (no cloak)
rCorr   .            o - +0 pair of gloves
SInv    .            (no boots)
Will    .....        j - amulet of guardian spirit Stlth
                     (no ring)
HPRegen 0.27/turn    (no ring)
MPRegen 0.10/turn

%: guardian spirit
@: attractive
A: sickness immunity, AC +4, negative energy resistance 1, electricity
resistance, torment resistance 1, petrification resistance
a: no special abilities


You were on level 5 of the Dungeon.
You visited 1 branch of the dungeon, and saw 5 of its levels.

You collected 253 gold pieces.

Inventory:

Hand Weapons
 a - a +0 war axe of freezing (weapon)
 p - a +0 hand cannon
 t - the +5 spear of the Valley of Death {holy, rN+ Will- Int+3}
   (You found it on level 4 of the Dungeon)

   Int+3:     It affects your intelligence (+3).
   rN+:       It protects you from negative energy.
   Will-:     It decreases your willpower.
Armour
 b - a +0 scale mail (worn)
 c - a +0 buckler (worn)
 o - a +0 pair of gloves (worn)
 r - a +2 leather armour of willpower
Jewellery
 e - a ring of protection from cold
 j - an amulet of guardian spirit (around neck)
 q - a ring of ice
Scrolls
 f - a scroll of brand weapon
 h - 2 scrolls of fog
 k - a scroll of fear
 m - 2 scrolls of teleportation
 v - a scroll of noise
Potions
 d - 2 potions of might
 g - a potion of resistance {unknown}
 i - a potion of attraction
 l - a potion of cancellation
 n - a potion of curing {unknown}
 s - a potion of degeneration {unknown}
 u - 2 potions of invisibility {unknown}


   Skills:
 + Level 5.1 Fighting
 + Level 3.6 Axes
 + Level 5.1 Armour
 + Level 5.1 Shields


You had 6 spell levels left.
You didn't know any spells.
Your spell library contained the following spells:

 Spells                   Type           Power      Damage    Failure   Level
 Blink                    Tloc           0%         N/A       88%         2
 Manifold Assault         Tloc           0%         N/A       100%        4


Dungeon Overview and Level Annotations

Branches:
Dungeon (5/15)
 Temple: D:4-7

Altars:
The Shining One

Annotations:
D:5 Prince Ribbit


Innate Abilities, Weirdness & Mutations

You are immune to sickness and miasma.
Your stone body is resilient. (AC +4)
You are immune to poison.
You resist negative energy. (rN+)
You are resistant to electric shocks. (rElec)
You are resistant to unholy torment.
You are immune to petrification.


Message History

Prince Ribbit blinks!
Prince Ribbit blinks!
You hit Prince Ribbit but do no damage.
Prince Ribbit is severely wounded.
Prince Ribbit is no longer moving slowly.
Prince Ribbit blinks!
Prince Ribbit hits you.
You barely miss Prince Ribbit.
Prince Ribbit is severely wounded.
You block Prince Ribbit's attack.
Prince Ribbit hits you but does no damage.
A hound comes into view.
You closely miss Prince Ribbit.
Prince Ribbit is severely wounded.
The hound barks!
Prince Ribbit hits you! Prince Ribbit closely misses you.
You barely miss Prince Ribbit.
Prince Ribbit is severely wounded.
Prince Ribbit hits you!
Prince Ribbit blinks!
Prince Ribbit hits you!
You are too injured to fight recklessly!
You are too injured to fight recklessly!
You are too injured to fight recklessly!
You hit Prince Ribbit. You freeze Prince Ribbit.
Prince Ribbit is severely wounded.
You hit the hound. You freeze the hound. You block the hound's attack.
Prince Ribbit hits you!
* * * LOW HITPOINT WARNING * * *
The hound misses you. Prince Ribbit barely misses you.
It was a potion of attraction.
You feel attractive to monsters. The hound bites you.
* * * LOW HITPOINT WARNING * * *
Prince Ribbit closely misses you. The hound bites you but does no damage.
It was a potion of cancellation.
Your magical effects are unravelling.
You feel magically purged. Prince Ribbit hits you.
* * * LOW HITPOINT WARNING * * *
The hound bites you but does no damage. Prince Ribbit hits you!
You die...

##### #....# #....#
#....##### #........#
#........# . ##
#######......<.# ...
.###....##........##....
...#....#####...@h......
).......## #...F..#....
)........# ###...## ###
.........# #.###
...###...# ##.# ...#
###.#####..# ...#
#.......## ####
#.#.>........#
#.##########.#


You could see Prince Ribbit and a hound.

Vanquished Creatures
  A phantom (D:4)
  A howler monkey (D:3)
  An orc priest (D:3)
  A sleepcap (D:5)
  5 orc wizards
  4 adders
  4 gnolls (D:5)
  A worm (D:2)
  5 dart slugs
  17 orcs
  4 ball pythons
  11 endoplasms
  6 giant cockroaches
  7 goblins
  3 hobgoblins
  3 jackals (D:2)
  A quokka (D:2)
  A bat (D:2)
  3 frilled lizards
  7 kobolds
  3 rats
89 creatures vanquished.

Notes
Turn   | Place    | Note
-------+----------+-------------------------------------------
     0 | D:1      | BinkBink the Gargoyle Fighter began the quest for the Orb.
     0 | D:1      | Reached XP level 1. HP: 14/14 MP: 1/1
   205 | D:1      | Reached XP level 2. HP: 19/19 MP: 2/2
   778 | D:2      | Reached XP level 3. HP: 23/23 MP: 3/3
  1107 | D:2      | Identified the +0 short sword "Kittunta" {heavy, Int+3
                  | Dex+2 SInv}
  1288 | D:2      | Reached XP level 4. HP: 27/29 MP: 4/4
  1669 | D:3      | Found a faded altar of an unknown god.
  1732 | D:3      | Reached XP level 5. HP: 14/33 MP: 3/5
  2170 | D:3      | Found a glowing golden altar of the Shining One.
  2362 | D:4      | Reached XP level 6. HP: 37/39 MP: 6/6
  2597 | D:4      | Identified the +5 spear of the Valley of Death {holy, rN+
                  | Will- Int+3}
  2980 | D:5      | Entered Level 5 of the Dungeon
  3012 | D:5      | Reached skill level 5 in Fighting
  3026 | D:5      | Reached skill level 5 in Armour
  3026 | D:5      | Reached skill level 5 in Shields
  3030 | D:5      | Reached XP level 7. HP: 32/44 MP: 5/7
  3154 | D:5      | Noticed Prince Ribbit
  3172 | D:5      | Slain by Prince Ribbit

Illustrated notes

Levels and vault maps discovered:
D:1:      psy_arrival_radial02, layout_loops_ring, nrook_campfire
D:2:      layout_loops_corners
D:3:      cheibrodos_pilgrimage, layout_rooms,
          mainiacjoe_overflow_six_doors_small, basic_ecumenical_altar,
          nicolae_elevator_lobby_asterisk
D:4:      layout_cave_pools, skrybe_limestone_x
D:5:      layout_basic, nicolae_overflow_macrodata_refinement,
          minmay_temple_entry_water_ring, uniq_prince_ribbit1

Skill      XL: |  1  2  3  4  5  6 |
---------------+-------------------+-----
Axes           | 2 3 |  3.6
Fighting       | 4 5 |  5.1
Armour         | 4 5 |  5.1
Shields        | 4 5 |  5.1

Action                     |  1- 3 |  4- 6 |  7- 9 || total
---------------------------+-------+-------+-------++-------
  Melee: War axe           |   103 |   189 |    20 ||   312
    Use: Scroll            |     2 |     2 |     1 ||     5
         Potion            |       |       |     2 ||     2
 Armour: Scale mail        |    83 |   197 |    23 ||   303
  Dodge: Dodged            |    46 |   101 |    10 ||   157
  Block: Buckler           |    23 |    39 |     9 ||    71

Table legend: (Time is in decaauts)
 A = Elapsed time spent in this place.
 B = Non-inter-level travel time spent in this place.
 C = Inter-level travel time spent in this place.
 D = Time resting spent in this place.
 E = Time spent auto-exploring this place.
 F = Levels seen in this place.
 G = Mean time per level.
                   A        B        C        D        E       F      G
               +--------+--------+--------+--------+--------+-----+--------+
         Total |   3296 |   3135 |    161 |    263 |   2150 |   5 |  659.2 |
       Dungeon |   3296 |   3135 |    161 |    263 |   2150 |   5 |  659.2 |
               +--------+--------+--------+--------+--------+-----+--------+

Top non-repeatable levels by time:
     D:2: 988 daAuts
     D:1: 729 daAuts
     D:3: 702 daAuts
     D:4: 672 daAuts
     D:5: 202 daAuts
